NWL
BELLINGHAM MARINERS @ TRI-CITY DUST DEVILS
08/19/1982
 
TOP OF THE 1ST
Bellingham Mariners batting - Pitching for Tri-City Dust Devils : RHP John Martinez
Pitching: RHP John Martinez
Batting: LHB Dan O'Regan 0-0: Ground out 3-1 (Groundball, 34, EV 84.4 MPH)
Batting: RHB Norm Carrasco 0-0: Ground out 6-3 (Groundball, 6, EV 105.6 MPH)
Batting: RHB Juan Delgado 0-0: Called Strike
0-1: Ball
1-1: Ground out 5-3 (Groundball, 56, EV 103.1 MPH)
Top of the 1st over - 0 runs, 0 hits, 0 errors, 0 left on base; Bellingham 0 - Tri-City 0
BOTTOM OF THE 1ST
Tri-City Dust Devils batting - Pitching for Bellingham Mariners : RHP Luis Colon
Pitching: RHP Luis Colon
Batting: LHB LaVel Freeman 0-0: Bunt for hit to 23 - play at first, batter safe!
Batting: LHB Kevin Jones 0-0: Ball
1-0: Swinging Strike
1-1: Ball
2-1: Fly out, F7 (Flyball, 7S, EV 85.6 MPH)
Batting: RHB Robert Martinez 0-0: Ball
Pickoff Throw to First - Error! E1
LaVel Freeman to second
1-0: Ball
2-0: Called Strike
LaVel Freeman is caught stealing 3rd base 2-5
2-1: SINGLE (Line Drive, 7LS, EV 106.3 MPH)
Batting: RHB Desmond Brooks 0-0: Ball
1-0: Ball
2-0: Ball
3-0: Called Strike
3-1: Base on Balls
Robert Martinez to second
Batting: LHB Rafael Codinach 0-0: Fly out, F9 (Flyball, 89M, EV 85.6 MPH)
Bottom of the 1st over - 0 runs, 2 hits, 1 error, 2 left on base; Bellingham 0 - Tri-City 0
TOP OF THE 2ND
Bellingham Mariners batting - Pitching for Tri-City Dust Devils : RHP John Martinez
Batting: SHB Paul Felix 0-0: Foul Ball, location: 2F
0-1: Foul Ball, location: 2F
0-2: Ball
1-2: Fly out, F8 (Flyball, 8LXD, EV 97.5 MPH)
Batting: RHB Edward Williams 0-0: Ball
1-0: Foul Ball, location: 2F
1-1: SINGLE (Line Drive, 6MD, EV 95.0 MPH)
Batting: RHB Hector Rivera 0-0: Ball
1-0: Ball
2-0: Foul Ball, location: 2F
2-1: Grounds into double play, 5-4-3 (Groundball, 56, EV 103.8 MPH)
Top of the 2nd over - 0 runs, 1 hit, 0 errors, 0 left on base; Bellingham 0 - Tri-City 0
BOTTOM OF THE 2ND
Tri-City Dust Devils batting - Pitching for Bellingham Mariners : RHP Luis Colon
Batting: LHB Daraka Shaheed 0-0: Ball
1-0: Ball
2-0: Ball
3-0: Called Strike
3-1: Swinging Strike
3-2: Fly out, F8 (Flyball, 78D, EV 106.3 MPH)
Batting: RHB Dennis Glynn 0-0: Ball
1-0: Foul Ball, location: 2F
1-1: Foul Ball, location: 2F
1-2: Ground out 4-3 (Groundball, 4, EV 84.4 MPH)
Batting: RHB Gereld McDermott 0-0: Called Strike
0-1: Ball
1-1: Ball
2-1: Foul Ball, location: 2F
2-2: Fly out, F9 (Flyball, 9, EV 87.5 MPH)
Bottom of the 2nd over - 0 runs, 0 hits, 0 errors, 0 left on base; Bellingham 0 - Tri-City 0
TOP OF THE 3RD
Bellingham Mariners batting - Pitching for Tri-City Dust Devils : RHP John Martinez
Batting: RHB Elza Nevoeiro 0-0: Foul Ball, location: 2F
0-1: Ball
1-1: Foul Ball, location: 2F
1-2: Ball
2-2: Ball
3-2: Strikes out swinging
Batting: RHB Werner Lajszky 0-0: Called Strike
0-1: Ball
1-1: Ball
2-1: Ground out U3 (Groundball, 3, EV 107.5 MPH)
Batting: RHB Barry Cheesman 0-0: Called Strike
0-1: Called Strike
0-2: Foul Ball, location: 2F
0-2: Ball
1-2: Ball
2-2: Strikes out looking
Top of the 3rd over - 0 runs, 0 hits, 0 errors, 0 left on base; Bellingham 0 - Tri-City 0
BOTTOM OF THE 3RD
Tri-City Dust Devils batting - Pitching for Bellingham Mariners : RHP Luis Colon
Batting: RHB Jeff DeWillis 0-0: Ball
1-0: Called Strike
1-1: SINGLE (Groundball, 4S, EV 65.0 MPH) (infield hit)
Batting: LHB LaVel Freeman 0-0: Called Strike
0-1: Foul Ball, location: 2F
0-2: Foul Ball, location: 2F
0-2: Ball
1-2: Ball
2-2: DOUBLE (Line Drive, 89XD, EV 110.0 MPH)
Jeff DeWillis to third
Batting: LHB Kevin Jones 0-0: Ball
1-0: Ball
2-0: Ball
3-0: Base on Balls
Batting: RHB Robert Martinez 0-0: Fly out, F9 (Flyball, 9D, EV 97.5 MPH)
Runner from 3rd tags up, SCORES, throw by RF
LaVel Freeman to third
Batting: RHB Desmond Brooks 0-0: SINGLE (Line Drive, 9S, EV 92.5 MPH)
LaVel Freeman scores
Kevin Jones to second
Runner from 2nd tries for 3rd, SAFE, no throw by RF
Batting: LHB Rafael Codinach 0-0: Ball
1-0: Ball
2-0: Ball
3-0: Base on Balls
Desmond Brooks to second
Batting: LHB Daraka Shaheed 0-0: Foul Ball, location: 2F
0-1: Swinging Strike
0-2: Ball
1-2: Fly out, F6 (Popup, 56D, EV 56.3 MPH)
Batting: RHB Dennis Glynn 0-0: Ball
1-0: Fly out, F3 (Popup, 23F, EV 90.0 MPH)
Bottom of the 3rd over - 2 runs, 3 hits, 0 errors, 3 left on base; Bellingham 0 - Tri-City 2
TOP OF THE 4TH
Bellingham Mariners batting - Pitching for Tri-City Dust Devils : RHP John Martinez
Batting: LHB Dan O'Regan 0-0: Ball
1-0: Ball
2-0: Ball
3-0: Called Strike
3-1: Called Strike
3-2: Ground out U3 (Groundball, 3L, EV 83.1 MPH)
Batting: RHB Norm Carrasco 0-0: Foul Ball, location: 2F
0-1: Ball
1-1: Ball
2-1: SINGLE (Groundball, 4MS, EV 82.5 MPH) (infield hit)
Batting: RHB Juan Delgado 0-0: Called Strike
0-1: Ball
1-1: Ball
2-1: DOUBLE (Line Drive, 9LM, EV 100.0 MPH)
Norm Carrasco to third
Runner from 3rd tries for Home, SAFE, no throw by RF
Batting: SHB Paul Felix 0-0: Swinging Strike
0-1: Foul Ball, location: 2F
0-2: Ball
1-2: Ball
2-2: Ball
3-2: Strikes out looking
Batting: RHB Edward Williams 0-0: Ball
1-0: Ball
2-0: Reached on error, E3 (Groundball, 34, EV 83.8 MPH)
Juan Delgado scores
Batting: RHB Hector Rivera 0-0: Ball
1-0: Ball
2-0: Called Strike
2-1: Ball
3-1: Base on Balls
Batting: RHB Elza Nevoeiro 0-0: Ball
1-0: Called Strike
1-1: Called Strike
1-2: Foul Ball, location: 2F
1-2: Foul Ball, location: 2F
1-2: Foul Ball, location: 2F
1-2: Ground out 4-3 (Groundball, 4S, EV 71.3 MPH)
Top of the 4th over - 2 runs, 2 hits, 1 error, 2 left on base; Bellingham 2 - Tri-City 2
BOTTOM OF THE 4TH
Tri-City Dust Devils batting - Pitching for Bellingham Mariners : RHP Luis Colon
Batting: RHB Gereld McDermott 0-0: Called Strike
0-1: Ball
1-1: Foul Ball, location: 2F
1-2: Foul Ball, location: 2F
1-2: Ground out 4-3 (Groundball, 4, EV 101.9 MPH)
Batting: RHB Jeff DeWillis 0-0: Ball
1-0: Ball
2-0: Ball
3-0: Called Strike
3-1: Foul Ball, location: 2F
3-2: Ground out U3 (Groundball, 34, EV 108.1 MPH)
Batting: LHB LaVel Freeman 0-0: Called Strike
0-1: Fly out, F6 (Popup, 6M, EV 68.8 MPH)
Bottom of the 4th over - 0 runs, 0 hits, 0 errors, 0 left on base; Bellingham 2 - Tri-City 2
TOP OF THE 5TH
Bellingham Mariners batting - Pitching for Tri-City Dust Devils : RHP John Martinez
Batting: RHB Werner Lajszky 0-0: SINGLE (Groundball, 4MD, EV 103.8 MPH)
Batting: RHB Barry Cheesman 0-0: Bunt missed!
0-1: Sac Bunt to 15S - play at first, batter OUT! 1-4
Werner Lajszky to second
Batting: LHB Dan O'Regan 0-0: Ball
1-0: SINGLE (Groundball, 6D, EV 93.8 MPH)
Werner Lajszky to third
Runner from 3rd tries for Home, SAFE, throw by CF to home
Batting: RHB Norm Carrasco 0-0: Foul Ball, location: 2F
0-1: Ball
Dan O'Regan steals 2nd base
1-1: Called Strike
1-2: Ground out 3-1 (Groundball, 34S, EV 82.5 MPH)
Dan O'Regan to third
Batting: RHB Juan Delgado 0-0: Swinging Strike
0-1: Ball
1-1: Ground out 6-3 (Groundball, 6, EV 99.4 MPH)
Top of the 5th over - 1 run, 2 hits, 0 errors, 1 left on base; Bellingham 3 - Tri-City 2
BOTTOM OF THE 5TH
Tri-City Dust Devils batting - Pitching for Bellingham Mariners : RHP Luis Colon
Batting: LHB Kevin Jones 0-0: Called Strike
0-1: Ground out 6-3 (Groundball, 6, EV 88.1 MPH)
Batting: RHB Robert Martinez 0-0: SINGLE (Line Drive, 9S, EV 109.4 MPH)
Batting: RHB Desmond Brooks 0-0: Ball
1-0: Fielders Choice at 2nd, 4-6 (Groundball, 4, EV 86.9 MPH)
Batting: LHB Rafael Codinach 0-0: Called Strike
0-1: Called Strike
0-2: Ground out 1-3 (Groundball, 15S, EV 75.0 MPH)
Bottom of the 5th over - 0 runs, 1 hit, 0 errors, 1 left on base; Bellingham 3 - Tri-City 2
TOP OF THE 6TH
Bellingham Mariners batting - Pitching for Tri-City Dust Devils : RHP John Martinez
Batting: SHB Paul Felix 0-0: Ground out 4-3 (Groundball, 4D, EV 98.8 MPH)
Batting: RHB Edward Williams 0-0: Called Strike
0-1: Swinging Strike
0-2: Strikes out looking
Batting: RHB Hector Rivera 0-0: Called Strike
0-1: Ball
1-1: Swinging Strike
1-2: Foul Ball, location: 2F
1-2: Ball
2-2: SINGLE (Groundball, 56, EV 100.6 MPH)
Batting: RHB Elza Nevoeiro 0-0: Ball
1-0: Ball
2-0: Called Strike
2-1: Foul Ball, location: 2F
2-2: Strikes out swinging
Top of the 6th over - 0 runs, 1 hit, 0 errors, 1 left on base; Bellingham 3 - Tri-City 2
BOTTOM OF THE 6TH
Tri-City Dust Devils batting - Pitching for Bellingham Mariners : RHP Luis Colon
Batting: LHB Daraka Shaheed 0-0: Ball
1-0: Ball
2-0: Ball
3-0: Base on Balls
Batting: RHB Dennis Glynn 0-0: Ball
1-0: Bunt - Flyout to 15S! F1
Pitching: RHP Charles Dexter
Batting: RHB Gereld McDermott 0-0: Ball
1-0: Foul Ball, location: 2F
1-1: Fly out, F8 (Line Drive, 8RD, EV 85.0 MPH)
Batting: RHB Jeff DeWillis 0-0: Ball
1-0: SINGLE (Line Drive, 56, EV 95.0 MPH)
Daraka Shaheed to second
Batting: LHB LaVel Freeman Balk!
Daraka Shaheed to third
Jeff DeWillis to second
0-0: Fly out, F8 (Flyball, 8RXD, EV 100.6 MPH)
Bottom of the 6th over - 0 runs, 1 hit, 0 errors, 2 left on base; Bellingham 3 - Tri-City 2
TOP OF THE 7TH
Bellingham Mariners batting - Pitching for Tri-City Dust Devils : RHP John Martinez
Batting: RHB Werner Lajszky 0-0: Called Strike
0-1: Ball
1-1: Ball
2-1: Foul Ball, location: 2F
2-2: Strikes out swinging
Batting: RHB Barry Cheesman 0-0: SINGLE (Flyball, 4D, EV 88.1 MPH)
Batting: LHB Dan O'Regan 0-0: Ball
1-0: SINGLE (Line Drive, 4M, EV 103.8 MPH)
Barry Cheesman to second
Batting: RHB Norm Carrasco 0-0: Called Strike
0-1: Ball
1-1: Grounds into double play, 4-6-3 (Groundball, 34, EV 83.8 MPH)
Top of the 7th over - 0 runs, 2 hits, 0 errors, 1 left on base; Bellingham 3 - Tri-City 2
BOTTOM OF THE 7TH
Tri-City Dust Devils batting - Pitching for Bellingham Mariners : RHP Charles Dexter
Batting: LHB Kevin Jones 0-0: Ball
1-0: Swinging Strike
1-1: Called Strike
1-2: Ball
2-2: Fly out, F9 (Flyball, 9LS, EV 85.6 MPH)
Batting: RHB Robert Martinez 0-0: Called Strike
0-1: Ground out 4-3 (Groundball, 4, EV 80.0 MPH)
Batting: RHB Desmond Brooks 0-0: Called Strike
0-1: Ball
1-1: Foul Ball, location: 2F
1-2: Ball
2-2: Strikes out swinging
Bottom of the 7th over - 0 runs, 0 hits, 0 errors, 0 left on base; Bellingham 3 - Tri-City 2
TOP OF THE 8TH
Bellingham Mariners batting - Pitching for Tri-City Dust Devils : RHP John Martinez
Batting: RHB Juan Delgado 0-0: Called Strike
0-1: Ground out 6-3 (Groundball, 6, EV 110.0 MPH)
Batting: SHB Paul Felix 0-0: Ball
1-0: Ball
2-0: Ball
3-0: Called Strike
3-1: Base on Balls
Batting: RHB Edward Williams 0-0: Ball
1-0: Called Strike
1-1: SINGLE (Groundball, 6MD, EV 101.3 MPH)
Paul Felix to second
Batting: RHB Hector Rivera 0-0: Ball
1-0: Fly out, F8 (Line Drive, 8RD, EV 85.6 MPH)
Batting: RHB Elza Nevoeiro 0-0: Foul Ball, location: 2F
0-1: Called Strike
0-2: Ground out 4-3 (Groundball, 4, EV 88.1 MPH)
Top of the 8th over - 0 runs, 1 hit, 0 errors, 2 left on base; Bellingham 3 - Tri-City 2
BOTTOM OF THE 8TH
Tri-City Dust Devils batting - Pitching for Bellingham Mariners : RHP Charles Dexter
Batting: LHB Rafael Codinach 0-0: Ball
1-0: Swinging Strike
1-1: SOLO HOME RUN (Flyball, 89XD, EV 99.4 MPH), Distance : 399 ft
Batting: LHB Daraka Shaheed 0-0: Called Strike
0-1: Ball
1-1: Fly out, F7 (Line Drive, 7, EV 89.4 MPH)
Batting: RHB Dennis Glynn 0-0: Foul Ball, location: 2F
0-1: Ball
1-1: Called Strike
1-2: Ball
2-2: Ground out U3 (Groundball, 34, EV 82.5 MPH)
Batting: RHB Gereld McDermott 0-0: Called Strike
0-1: Ball
1-1: Ball
2-1: SINGLE (Groundball, 6D, EV 98.1 MPH)
Batting: RHB Jeff DeWillis 0-0: Ball
1-0: Fly out, F8 (Flyball, 8RD, EV 95.6 MPH)
Bottom of the 8th over - 1 run, 2 hits, 0 errors, 1 left on base; Bellingham 3 - Tri-City 3
TOP OF THE 9TH
Bellingham Mariners batting - Pitching for Tri-City Dust Devils : RHP John Martinez
Batting: RHB Werner Lajszky 0-0: Fly out, F7 (Flyball, 78XD, EV 90.0 MPH)
Pinch Hitting: LHB Thomas Graziano 0-0: Ball
1-0: Called Strike
1-1: Ground out 5-3 (Groundball, 56S, EV 82.5 MPH)
Batting: LHB Dan O'Regan 0-0: Called Strike
0-1: Ball
1-1: Ball
2-1: Ball
3-1: Foul Ball, location: 2F
3-2: Ground out 4-3 (Groundball, 4, EV 110.0 MPH)
Top of the 9th over - 0 runs, 0 hits, 0 errors, 0 left on base; Bellingham 3 - Tri-City 3
BOTTOM OF THE 9TH
Tri-City Dust Devils batting - Pitching for Bellingham Mariners : RHP Charles Dexter
Now at C: Rick Weems
Batting: LHB LaVel Freeman 0-0: DOUBLE (Line Drive, 3D, EV 108.1 MPH)
Batting: LHB Kevin Jones 0-0: Ball
1-0: Ground out 5-3 (Groundball, 56, EV 99.4 MPH)
Batting: RHB Robert Martinez 0-0: Ball
1-0: 2-RUN HOME RUN (Flyball, 78XD, EV 91.9 MPH), Distance : 432 ft
Bottom of the 9th over - 2 runs, 2 hits, 0 errors, 0 left on base; Bellingham 3 - Tri-City 5
GAME OVER ... TRI
City defeats Bellingham, 5 to 3
Monday, August 24th, 2020 - OOTP Baseball 21.5 Build 76